ITL
HAVANA ROLLERS @ LOUISVILLE BATS
09/02/2030
 
TOP OF THE 1ST
Havana Rollers batting - Pitching for Louisville Bats : LHP Ron Huggins
Pitching: LHP Ron Huggins
Batting: LHB Marvin Nichols 0-0: Ball
1-0: Called Strike
1-1: Swinging Strike
1-2: Foul Ball, location: 2F
1-2: Foul Ball, location: 2F
1-2: Ball
2-2: Strikes out swinging
Batting: SHB Yasuhiro Ikarashi 0-0: Ball
1-0: Called Strike
1-1: Ball
2-1: Ball
3-1: Base on Balls
Batting: RHB Tommy Davenport 0-0: Ball
1-0: Called Strike
1-1: Ball
2-1: Swinging Strike
2-2: Grounds into double play, 4-6-3 (Groundball, 4)
Top of the 1st over - 0 runs, 0 hits, 0 errors, 0 left on base; Havana 0 - Louisville 0
BOTTOM OF THE 1ST
Louisville Bats batting - Pitching for Havana Rollers : RHP Ron Bartlett
Pitching: RHP Ron Bartlett
Batting: SHB Martín Medina 0-0: Bunted foul
0-1: Swinging Strike
0-2: Ball
1-2: Ball
2-2: Ball
3-2: Base on Balls
Batting: LHB George Smith 0-0: Ball
1-0: Fly out, F9 (Flyball, 9LS)
Batting: LHB Eduardo Gómez 0-0: Ball
1-0: Ball
2-0: Ball
3-0: Called Strike
3-1: Base on Balls
Martín Medina to second
Batting: SHB Dave Henley 0-0: Called Strike
0-1: Swinging Strike
0-2: Foul Ball, location: 2F
0-2: Ball
1-2: Fielders Choice at 2nd, 1-6 (Groundball, 13S)
Martín Medina to third
Batting: RHB Zhong Shui 0-0: Ball
1-0: Ground out 4-3 (Groundball, 4)
Bottom of the 1st over - 0 runs, 0 hits, 0 errors, 2 left on base; Havana 0 - Louisville 0
TOP OF THE 2ND
Havana Rollers batting - Pitching for Louisville Bats : LHP Ron Huggins
Batting: RHB Soshu Nakamura 0-0: Called Strike
0-1: Called Strike
0-2: Ball
1-2: Strikes out swinging
Batting: RHB Bill Little 0-0: Ball
1-0: Swinging Strike
1-1: Swinging Strike
1-2: Ball
2-2: Strikes out swinging
Batting: RHB Chad Case 0-0: Swinging Strike
0-1: Ball
1-1: Called Strike
1-2: Ball
2-2: Strikes out swinging
Top of the 2nd over - 0 runs, 0 hits, 0 errors, 0 left on base; Havana 0 - Louisville 0
BOTTOM OF THE 2ND
Louisville Bats batting - Pitching for Havana Rollers : RHP Ron Bartlett
Batting: SHB Ryan Roberts 0-0: Ball
1-0: Ball
2-0: Swinging Strike
2-1: Called Strike
2-2: Strikes out looking
Batting: LHB Héctor Rentería 0-0: Ground out 5-3 (Groundball, 56)
Batting: RHB Mark Arnold 0-0: Called Strike
0-1: Foul Ball, location: 2F
0-2: Strikes out swinging
Bottom of the 2nd over - 0 runs, 0 hits, 0 errors, 0 left on base; Havana 0 - Louisville 0
TOP OF THE 3RD
Havana Rollers batting - Pitching for Louisville Bats : LHP Ron Huggins
Batting: RHB Luis Aguilar 0-0: Swinging Strike
0-1: Foul Ball, location: 2F
0-2: Ball
1-2: Fly out, F3 (Popup, 3S)
Batting: RHB Brian Jackson 0-0: Ball
1-0: SINGLE (Flyball, 89S)
Batting: LHB José Torres 0-0: Fielders Choice at 2nd, 1-6 (Groundball, 13S)
Batting: LHB Marvin Nichols 0-0: Ball
1-0: Foul Ball, location: 2F
1-1: Fly out, F9 (Flyball, 9D)
Top of the 3rd over - 0 runs, 1 hit, 0 errors, 1 left on base; Havana 0 - Louisville 0
BOTTOM OF THE 3RD
Louisville Bats batting - Pitching for Havana Rollers : RHP Ron Bartlett
Batting: LHB Don Soper 0-0: Ground out 6-3 (Groundball, 6)
Batting: SHB Martín Medina 0-0: Swinging Strike
0-1: Ball
1-1: Ground out 4-3 (Groundball, 4D)
Batting: LHB George Smith 0-0: Ball
1-0: Foul Ball, location: 2F
1-1: Ball
2-1: SINGLE (Groundball, 34S) (infield hit)
Batting: LHB Eduardo Gómez 0-0: Swinging Strike
0-1: Ball
1-1: Ball
2-1: 2-RUN HOME RUN (Flyball, 9LD), Distance : 354 ft
Batting: SHB Dave Henley 0-0: SINGLE (Groundball, 25) (infield hit)
Batting: RHB Zhong Shui 0-0: Ball
1-0: Called Strike
1-1: Fly out, F3 (Popup, 34)
Bottom of the 3rd over - 2 runs, 3 hits, 0 errors, 1 left on base; Havana 0 - Louisville 2
TOP OF THE 4TH
Havana Rollers batting - Pitching for Louisville Bats : LHP Ron Huggins
Batting: SHB Yasuhiro Ikarashi 0-0: Ball
1-0: Ball
2-0: Called Strike
2-1: Ground out 1-3 (Groundball, 13)
Batting: RHB Tommy Davenport 0-0: TRIPLE (Flyball, 78XD)
Batting: RHB Soshu Nakamura 0-0: Swinging Strike
0-1: SINGLE (Groundball, 34S) (infield hit)
Tommy Davenport scores
Batting: RHB Bill Little 0-0: Ball
1-0: SINGLE (Groundball, 34) (infield hit)
Soshu Nakamura to second
Batting: RHB Chad Case 0-0: Called Strike
0-1: Ball
1-1: DOUBLE (Flyball, 78D)
Soshu Nakamura scores
Bill Little to third
Batting: RHB Luis Aguilar 0-0: Ball
Passed Ball!
Bill Little scores
Chad Case to third
1-0: Foul Ball, location: 2F
1-1: Swinging Strike
1-2: Strikes out looking
Batting: RHB Brian Jackson 0-0: Ball
1-0: Called Strike
1-1: Foul Ball, location: 2F
1-2: Strikes out swinging
Top of the 4th over - 3 runs, 4 hits, 0 errors, 1 left on base; Havana 3 - Louisville 2
BOTTOM OF THE 4TH
Louisville Bats batting - Pitching for Havana Rollers : RHP Ron Bartlett
Batting: SHB Ryan Roberts 0-0: Called Strike
0-1: Ball
1-1: Ball
2-1: Ground out 4-3 (Groundball, 4S)
Batting: LHB Héctor Rentería 0-0: Ball
1-0: Called Strike
1-1: Ball
2-1: SINGLE (Line Drive, 8RS)
Batting: RHB Mark Arnold 0-0: Ball
1-0: Foul Ball, location: 2F
1-1: Ball
2-1: Foul Ball, location: 2F
2-2: 2-RUN HOME RUN (Flyball, 9LD), Distance : 353 ft
Batting: LHB Don Soper 0-0: Called Strike
0-1: Foul Ball, location: 2F
0-2: Ball
1-2: Ground out 4-3 (Groundball, 4MD)
Batting: SHB Martín Medina 0-0: Ball
1-0: Foul Ball, location: 2F
1-1: Foul Ball, location: 2F
1-2: Strikes out swinging
Bottom of the 4th over - 2 runs, 2 hits, 0 errors, 0 left on base; Havana 3 - Louisville 4
TOP OF THE 5TH
Havana Rollers batting - Pitching for Louisville Bats : LHP Ron Huggins
Batting: LHB José Torres 0-0: Foul Ball, location: 2F
0-1: Called Strike
0-2: Strikes out swinging
Batting: LHB Marvin Nichols 0-0: Called Strike
0-1: Ball
1-1: Called Strike
1-2: Ball
2-2: Strikes out looking
Batting: SHB Yasuhiro Ikarashi 0-0: Ball
1-0: SOLO HOME RUN (Flyball, 89XD), Distance : 423 ft
Batting: RHB Tommy Davenport 0-0: Swinging Strike
0-1: Ground out 4-3 (Groundball, 4)
Top of the 5th over - 1 run, 1 hit, 0 errors, 0 left on base; Havana 4 - Louisville 4
BOTTOM OF THE 5TH
Louisville Bats batting - Pitching for Havana Rollers : RHP Ron Bartlett
Batting: LHB George Smith 0-0: SINGLE (Groundball, 56S) (infield hit)
Batting: LHB Eduardo Gómez 0-0: Called Strike
0-1: Ball
1-1: Called Strike
1-2: Ball
2-2: Ball
3-2: Strikes out swinging
Batting: SHB Dave Henley 0-0: Ball
Wild Pitch!
George Smith to second
1-0: Ball
2-0: Ball
3-0: Called Strike
3-1: Foul Ball, location: 2F
3-2: Base on Balls
Batting: RHB Zhong Shui 0-0: Called Strike
0-1: Ball
1-1: Called Strike
1-2: Foul Ball, location: 2F
1-2: Ball
2-2: Ball
3-2: Foul Ball, location: 2F
3-2: DOUBLE (Flyball, 78D)
George Smith scores
Dave Henley to third
Runner from 3rd tries for Home, SAFE, no throw
Batting: SHB Ryan Roberts 0-0: Intentional Walk
Pitching: LHP Mike Doss
Batting: LHB Héctor Rentería 0-0: Ball
1-0: Ball
2-0: Foul Ball, location: 2F
2-1: Ball
3-1: Fielders Choice at 2nd, 4-6 (Groundball, 34)
Zhong Shui to third
Batting: RHB Mark Arnold 0-0: Ball
1-0: Foul Ball, location: 2F
1-1: Ball
2-1: Ball
3-1: Base on Balls
Héctor Rentería to second
Batting: LHB Don Soper 0-0: Ball
1-0: Foul Ball, location: 2F
1-1: Ball
2-1: Ball
3-1: Foul Ball, location: 2F
3-2: Strikes out swinging
Bottom of the 5th over - 2 runs, 2 hits, 0 errors, 3 left on base; Havana 4 - Louisville 6
TOP OF THE 6TH
Havana Rollers batting - Pitching for Louisville Bats : LHP Ron Huggins
Batting: RHB Soshu Nakamura 0-0: Fly out, F8 (Flyball, 8RD)
Batting: RHB Bill Little 0-0: Called Strike
0-1: Ball
1-1: Foul Ball, location: 2F
1-2: Ball
2-2: Foul Ball, location: 2F
2-2: Ground out 1-3 (Groundball, 15S)
Batting: RHB Chad Case 0-0: Called Strike
0-1: Ball
1-1: Hit by Pitch
Batting: RHB Luis Aguilar 0-0: Called Strike
0-1: Ball
1-1: Called Strike
1-2: Ball
2-2: Strikes out swinging
Top of the 6th over - 0 runs, 0 hits, 0 errors, 1 left on base; Havana 4 - Louisville 6
BOTTOM OF THE 6TH
Louisville Bats batting - Pitching for Havana Rollers : LHP Mike Doss
Batting: SHB Martín Medina 0-0: Fly out, F5 (Popup, 5D)
Batting: LHB George Smith 0-0: Called Strike
0-1: Foul Ball, location: 2F
0-2: Strikes out swinging
Batting: LHB Eduardo Gómez 0-0: Foul Ball, location: 2F
0-1: Ball
1-1: Called Strike
1-2: Foul Ball, location: 2F
1-2: Foul Ball, location: 2F
1-2: Strikes out swinging
Bottom of the 6th over - 0 runs, 0 hits, 0 errors, 0 left on base; Havana 4 - Louisville 6
TOP OF THE 7TH
Havana Rollers batting - Pitching for Louisville Bats : LHP Ron Huggins
Batting: RHB Brian Jackson 0-0: Ball
1-0: Foul Ball, location: 2F
1-1: Ball
2-1: Fly out, F8 (Flyball, 8LD)
Batting: LHB José Torres 0-0: Ball
1-0: Ball
2-0: Foul Ball, location: 2F
2-1: Foul Ball, location: 2F
2-2: Ball
3-2: Strikes out swinging
Batting: LHB Marvin Nichols 0-0: Called Strike
0-1: Ball
1-1: Ground out 1-3 (Groundball, 13)
Top of the 7th over - 0 runs, 0 hits, 0 errors, 0 left on base; Havana 4 - Louisville 6
BOTTOM OF THE 7TH
Louisville Bats batting - Pitching for Havana Rollers : LHP Mike Doss
Batting: SHB Dave Henley 0-0: Foul Ball, location: 2F
0-1: Called Strike
0-2: Strikes out looking
Batting: RHB Zhong Shui 0-0: Called Strike
0-1: Ball
1-1: Swinging Strike
1-2: Ball
2-2: Ground out 4-3 (Groundball, 34)
Batting: SHB Ryan Roberts 0-0: Ground out 6-3 (Groundball, 6)
Bottom of the 7th over - 0 runs, 0 hits, 0 errors, 0 left on base; Havana 4 - Louisville 6
TOP OF THE 8TH
Havana Rollers batting - Pitching for Louisville Bats : LHP Ron Huggins
Now in LF: Jesús Núñez
Batting: SHB Yasuhiro Ikarashi 0-0: Called Strike
0-1: Ball
1-1: Ball
2-1: Reached on error, E4 (Groundball, 34)
Batting: RHB Tommy Davenport 0-0: Swinging Strike
0-1: Fly out, F6 (Popup, 6MS)
Batting: RHB Soshu Nakamura 0-0: Ball
1-0: Ball
2-0: Ball
3-0: Called Strike
3-1: Foul Ball, location: 2F
3-2: Foul Ball, location: 2F
3-2: Base on Balls
Yasuhiro Ikarashi to second
Pitching: RHP Jesús Sánchez
Batting: RHB Bill Little 0-0: Fly out, F9 (Flyball, 9S)
Pinch Hitting: LHB Enrique Cortéz 0-0: Swinging Strike
0-1: Ball
1-1: Fly out, F9 (Flyball, 9S)
Top of the 8th over - 0 runs, 0 hits, 1 error, 2 left on base; Havana 4 - Louisville 6
BOTTOM OF THE 8TH
Louisville Bats batting - Pitching for Havana Rollers : LHP Mike Doss
Now in RF: Enrique Cortéz
Batting: LHB Héctor Rentería 0-0: Called Strike
0-1: Ball
1-1: Fly out, F8 (Flyball, 89M)
Batting: RHB Mark Arnold 0-0: Called Strike
0-1: Ball
1-1: Swinging Strike
1-2: Ball
2-2: Ground out 5-3 (Groundball, 56S)
Batting: LHB Don Soper 0-0: Swinging Strike
0-1: Swinging Strike
0-2: Foul Ball, location: 2F
0-2: Strikes out looking
Bottom of the 8th over - 0 runs, 0 hits, 0 errors, 0 left on base; Havana 4 - Louisville 6
TOP OF THE 9TH
Havana Rollers batting - Pitching for Louisville Bats : RHP Jesús Sánchez
Batting: RHB Luis Aguilar 0-0: Called Strike
0-1: Foul Ball, location: 2F
0-2: Foul Ball, location: 2F
0-2: Foul Ball, location: 2F
0-2: Foul Ball, location: 2F
0-2: Strikes out swinging
Batting: RHB Brian Jackson 0-0: Called Strike
0-1: Ball
1-1: Ball
2-1: Called Strike
2-2: Foul Ball, location: 2F
2-2: Ground out 5-3 (Groundball, 56)
Batting: LHB José Torres 0-0: Foul Ball, location: 2F
0-1: Foul Ball, location: 2F
0-2: Ball
1-2: Foul Ball, location: 2F
1-2: Ball
2-2: Ball
3-2: Strikes out swinging
Top of the 9th over - 0 runs, 0 hits, 0 errors, 0 left on base; Havana 4 - Louisville 6
Saturday, April 7th, 2018 - OOTP Baseball 18.8 Build 76